 Dungeon Crawl Stone Soup version 0.22-a0-425-g89d60a1 (webtiles) character file.

201 robertstho the Ruffian (level 5, 0/78 HPs)
             Began as a Troll Monk on May 23, 2018.
             Slain by a jelly (3 damage)
             ... on level 3 of the Dungeon on May 24, 2018.
             The game lasted 00:09:13 (1845 turns).

robertstho the Ruffian (Troll Monk)                 Turns: 1845, Time: 00:09:14

Health: 0/78       AC: -1    Str: 20    XL:     5   Next: 50%
Magic:  4/4        EV:  1    Int:  6    God:
Gold:   130        SH:  0    Dex: 12    Spells: 4/4 levels left

rFire    . . .     SeeInvis .     - Unarmed
rCold    . . .     Gourm    +   (no shield)
rNeg     + + +     Faith    .   (armour currently unavailable)
rPois    +         Spirit   .   (helmet currently unavailable)
rElec    .         Reflect  .   (cloak currently unavailable)
rCorr    .         Harm     .   (gloves unavailable)
MR       .....     NoTele   +   (boots unavailable)
Stlth    +++.......             (no amulet)
HPRegen  0.63/turn              d - +4 ring of evasion
MPRegen  0.09/turn              h - ring of stealth

@: tree-form, corroded
A: large, unfitting armour, fast metabolism 3, gourmand, regeneration 1
a: no special abilities


You were on level 3 of the Dungeon.
You were very full.
You were a tree.
You visited 1 branch of the dungeon, and saw 3 of its levels.

You collected 130 gold pieces.

Inventory:

Hand Weapons
 i - a +0 club
 u - a +0 morningstar
Armour
 a - a +0 robe (melded)
 s - a +0 shield
Jewellery
 d - a +4 ring of evasion (left branch)
 g - an uncursed ring of protection from fire
 h - a ring of stealth (right branch)
 j - an uncursed ring of protection from magic
 l - an uncursed ring of protection from fire
Scrolls
 c - a scroll of immolation {unknown}
 e - 3 scrolls of remove curse {unknown}
 f - a scroll of magic mapping {unknown}
 k - 3 scrolls of identify
 m - a scroll of enchant weapon {unknown}
 p - a scroll of random uselessness {unknown}
Potions
 t - a potion of mutation
Comestibles
 b - 6 rations
 r - a chunk of flesh


   Skills:
 + Level 2.9 Fighting
 + Level 3.3 Dodging
 + Level 1.4 Stealth
 + Level 4.8 Unarmed Combat


You had 4 spell levels left.
You didn't know any spells.
Your spell library was empty.

Dungeon Overview and Level Annotations

Branches:
Dungeon (3/15)

Altars:


Innate Abilities, Weirdness & Mutations

You are too large for most types of armour.
((You have claws for hands.))
Your metabolism is lightning-fast.
You like to eat raw meat.
Your natural rate of healing is unusually fast.
((You are covered in fur. (AC +1)))
((You have very tough skin. (AC +2)))


Message History

You scratch the jelly. The acid corrodes you!
Your claws burn!
* * * LOW HITPOINT WARNING * * *
The jelly is severely wounded.
The jelly misses you.
It was a potion of lignification.
You turn into a tree.
Your +0 robe melds into your body.
Your roots penetrate the ground.
The jelly hits you.
* * * LOW HITPOINT WARNING * * *
The acid corrodes you!
You are splashed with acid!
The acid burns!
* * * LOW HITPOINT WARNING * * *
You hit the jelly.
Your branches burn!
* * * LOW HITPOINT WARNING * * *
The jelly is almost dead.
The jelly completely misses you.
Some of the chunks of flesh in your inventory have rotted away.
You hit the jelly but do no damage.
Your branches burn!
* * * LOW HITPOINT WARNING * * *
The jelly is almost dead.
The jelly hits you.
You die...

#.# ..##. #.# ### ..###.
#.##$.....##.####### ....#.
#.##÷..PPP#.#.#....####.#.#.
#.##÷..J.÷#.#.#.....##..#.#.
######.##......#.#'#...)(('..#.#.
.......##.÷...J#)#....[)(.(..#.#.
.......##P...JP#.#......).'..#.#.
....)..##......#♣#....)..##.(#.#.
....†..##.÷P.JJJ##......###....#.
.......##.....J############.####.
....##.######## ######..# #.
....##.############ #.......# #.
....##.(.......... ...#####†#####
##########......# #......
######......# #######
#...........#


You could see a jelly and 3 oozes.

Vanquished Creatures
  An orc priest (D:3)
  A jelly (D:3)
  4 adders
  5 oozes
  A worm (D:2)
  2 dart slugs
  3 leopard geckos
  9 orcs (D:3)
  4 bats
  A giant cockroach (D:1)
  6 goblins
  8 hobgoblins
  2 jackals (D:1)
  2 quokkas (D:2)
  3 frilled lizards
  14 kobolds
  7 rats
73 creatures vanquished.

Vanquished Creatures (others)
  3 fungi (D:3)
  8 toadstools (D:3)
11 creatures vanquished.

Grand Total: 84 creatures vanquished

Notes
Turn   | Place    | Note
-------+----------+-------------------------------------------
     0 | D:1      | robertstho the Troll Monk began the quest for the Orb.
     0 | D:1      | Reached XP level 1. HP: 22/22 MP: 0/0
   201 | D:1      | Reached XP level 2. HP: 29/29 MP: 1/1
   370 | D:1      | Reached XP level 3. HP: 36/36 MP: 2/2
  1115 | D:2      | Reached XP level 4. HP: 44/44 MP: 3/3
  1180 | D:2      | Reached skill level 4 in Unarmed Combat
  1629 | D:3      | Reached XP level 5. HP: 48/52 MP: 4/4
  1845 | D:3      | HP: 3/78 [acid (4)]
  1845 | D:3      | Slain by a jelly

Vault maps used:
D:1:      dpeg_arrival_arbitrary_a
D:3:      cheibrodos_fertilizer, first_ration, nrook_uturn,
          uniq_crazy_yiuf_cottage

Skill      XL: |  1  2  3  4 |
---------------+-------------+-----
Dodging        | 3 |  3.3
Unarmed Combat | 4 |  4.8
Fighting       | |  2.9
Stealth        | |  1.4

Action                   |  1- 3 |  4- 6 || total
-------------------------+-------+-------++-------
Melee: Unarmed           |    87 |   100 ||   187
       Punch             |       |     3 ||     3
  Use: Potion            |       |     3 ||     3
       Scroll            |       |     2 ||     2
 Stab: Sleeping          |     2 |     2 ||     4
  Eat: Chunk             |    16 |     6 ||    22
Armor: Robe              |    20 |    14 ||    34
Dodge: Dodged            |    53 |    68 ||   121

Table legend:
 A = Spawn XP
 B = Non-spawn XP
 C = Spawn XP percentage of total XP
 D = Spawn monster count
 E = Non-spawn monster count
 F = Spawn count percentage of total count
 G = Total turns spent on level
                    A         B        C        D         E        F      G
               +---------+---------+-------+---------+---------+-------+---------
         Total |       0 |     288 |   0.0 |       0 |      73 |   0.0 |  1845
               +---------+---------+-------+---------+---------+-------+---------
           D:1 |       0 |      50 |   0.0 |       0 |      24 |   0.0 |   877
           D:2 |       0 |      61 |   0.0 |       0 |      18 |   0.0 |   482
           D:3 |       0 |     177 |   0.0 |       0 |      31 |   0.0 |   486
               +---------+---------+-------+---------+---------+-------+---------
